 Dungeon Crawl Stone Soup version 0.27.0-1-g7a089689b8 (webtiles) character file.

Game seed: 8190271260818822815

58 Thatpatchoflichen the Cutter (level 4, 0/29 HPs)
             Began as a Kobold Monk on Aug 7, 2021.
             Slain by an adder (3 damage)
             ... on level 2 of the Dungeon.
             The game lasted 00:04:17 (2249 turns).

Thatpatchoflichen the Cutter (Kobold Monk)          Turns: 2249, Time: 00:04:18

Health: 0/29       AC:  6    Str:  8    XL:     4   Next: 21%
Magic:  4/4        EV: 11    Int: 11    God:
Gold:   32         SH:  0    Dex: 18    Spells: 3/3 levels left

rFire    . . .     SeeInvis .   a - +0 short sword
rCold    . . .     Faith    .   (shield restricted)
rNeg     . . .     Spirit   .   c - +0 scale mail
rPois    .         Reflect  .   (no helmet)
rElec    .         Harm     .   (no cloak)
rCorr    .         Rampage  .   (no gloves)
Will     .....                  (no boots)
Stlth    ++........             (no amulet)
HPRegen  0.09/turn              (no ring)
MPRegen  0.09/turn              (no ring)

@: lethally poisoned (0 -> -2)
A: small, no large weapons, nightstalker 3
a: no special abilities


You were on level 2 of the Dungeon.
You visited 1 branch of the dungeon, and saw 2 of its levels.

You collected 32 gold pieces.

Inventory:

Hand Weapons
 a - a +0 short sword (weapon)
Missiles
 d - 20 poisoned darts (quivered)
 j - 18 bolts
Armour
 b - a +0 robe
 c - a +0 scale mail (worn)
 k - a +0 scale mail
Scrolls
 e - 2 scrolls of teleportation {unknown}
 h - a scroll of enchant weapon {unknown}
 i - a scroll of blinking {unknown}
Potions
 f - a potion of attraction {unknown}
 g - a potion of berserk rage {unknown}
 l - a potion of magic {unknown}
 m - a potion of flight {unknown}


   Skills:
 + Level 4.1 Fighting
 + Level 4.9 Short Blades
 + Level 4.4 Dodging
 + Level 2.6 Stealth


You had 3 spell levels left.
You didn't know any spells.
Your spell library was empty.

Dungeon Overview and Level Annotations

Branches:
Dungeon (2/15)

Altars:
Ru


Innate Abilities, Weirdness & Mutations

You are small and have problems with some larger weapons.
You are completely attuned to the shadows.


Message History

The adder bites you.
You are poisoned.
The adder poisons you!
You hit the adder but do no damage.
You feel sick. The adder closely misses you.
You barely miss the adder.
You feel sick. The adder bites you.
You are more poisoned.
The adder poisons you!
You miss the adder.
You feel sick. The adder completely misses you.
You completely miss the adder.
You feel sick. The adder bites you but does no damage.
You closely miss the adder.
You feel sick. The adder closely misses you.
You miss the adder.
You feel sick. The adder bites you but does no damage.
You hit the adder.
The adder is lightly wounded.
You feel sick. The adder bites you but does no damage. The adder bites you.
You are more poisoned.
The adder poisons you!
You hit the adder but do no damage.
You feel sick. The adder barely misses you.
You barely miss the adder.
You feel sick. The adder bites you.
You are more poisoned.
The adder poisons you!
You feel sick.
You feel sick.
* * * LOW HITPOINT WARNING * * *
You feel sick. The adder bites you but does no damage.
You hit the adder.
The adder is lightly wounded.
You feel sick. The adder bites you but does no damage.
You hit the adder.
The adder is heavily wounded.
You feel sick. The adder bites you but does no damage.
You hit the adder.
The adder is severely wounded.
You feel sick. The adder bites you but does no damage.
You closely miss the adder.
The adder is severely wounded.
* * * LOW HITPOINT WARNING * * *
You feel sick. The adder bites you.
You die...

##### ..# #.... #.##
#.... #.. ###### #....
#.#......# #....
#.#......#####.###
#.#......##....###
#S#...............
#@.......##....###
##.......####.....
#........# #####. #.
#........## ## #..
#.........# #
#.###..###..#.##
.##......# #.....###
...#..##.###..##...####
##...###..###.#†.......


You could see an adder.

Vanquished Creatures
  An adder (D:2)
  2 dart slugs
  3 ball pythons (D:1)
  7 endoplasms (D:1)
  2 giant cockroaches (D:1)
  2 hobgoblins
  4 jackals (D:1)
  3 quokkas
  2 bats
  3 frilled lizards
  5 goblins (D:1)
  4 kobolds
  A rat (D:1)
39 creatures vanquished.

Notes
Turn   | Place    | Note
-------+----------+-------------------------------------------
     0 | D:1      | Thatpatchoflichen the Kobold Monk began the quest for the
                  | Orb.
     0 | D:1      | Reached XP level 1. HP: 14/14 MP: 1/1
   106 | D:1      | Reached XP level 2. HP: 19/19 MP: 2/2
   492 | D:1      | Reached XP level 3. HP: 13/24 MP: 3/3
   722 | D:1      | HP: 1/24 [frozen (4)]
  1757 | D:2      | Found a sacrificial altar of Ru.
  1868 | D:2      | Found a faded altar of an unknown god.
  2026 | D:2      | Reached XP level 4. HP: 25/29 MP: 4/4
  2249 | D:2      | Slain by an adder

Illustrated notes

Levels and vault maps discovered:
D:1:      roderic_dead_forest, layout_basic, minmay_misc_feat_iff
D:2:      layout_rooms, basic_ecumenical_altar, basic_altar

Skill      XL: |  1  2  3 |
---------------+----------+-----
Dodging        | 4 |  4.4
Fighting       | 4 |  4.1
Short Blades   | |  4.9
Stealth        | |  2.6

Action                   |  1- 3 |  4- 6 || total
-------------------------+-------+-------++-------
Melee: Short sword       |   117 |    24 ||   141
Throw: Dart              |     1 |       ||     1
 Stab: Sleeping          |     9 |     1 ||    10
Armor: Robe              |    17 |       ||    17
       Scale mail        |     8 |    10 ||    18
Dodge: Dodged            |   105 |     7 ||   112
